 Dungeon Crawl Stone Soup version 0.29-a0-284-gf9362112df (webtiles) character file.

Game seed: 650426860569578208

186 spaghetti the Sneak (level 5, -1/36 HPs)
             Began as an Octopode Chaos Knight on Mar 21, 2022.
             Was a Plaything of Xom.
             Slain by an orc priest
             ... wielding a +0 hand axe
              (6 damage)
             ... on level 4 of the Dungeon.
             The game lasted 00:04:52 (3231 turns).

spaghetti the Sneak (Octopode Chaos Knight)         Turns: 3231, Time: 00:04:52

Health: -1/36      AC:  3    Str: 11 (12) XL:     5   Next: 65%
Magic:  7/7        EV: 14    Int: 14      God:    Xom [...*..]
Gold:   199        SH:  5    Dex: 13      Spells: 7/7 levels left

rFire   . . .      SeeInvis .   s - +8 club {mace}
rCold   . . .      Faith    .   (no shield)
rNeg    . . .      Spirit   .   l - +2 hat
rPois   .          Reflect  +   o - amulet of reflection
rElec   .          Harm     .   i - ring of wizardry
rCorr   .          Rampage  .   k - ring of willpower
Will    +....                   (no ring)
Stlth   ++++......              (no ring)
HPRegen 0.12/turn               (no ring)
MPRegen 0.10/turn               (no ring)
                                (no ring)
                                (no ring)

@: no status effects
A: almost no armour, amphibious, 8 rings, camouflage 1, gelatinous body 1,
(nimble swimmer 1), tentacles
a: Renounce Religion


You were on level 4 of the Dungeon.
You worshipped Xom.
You were a favourite toy of Xom.
You visited 1 branch of the dungeon, and saw 4 of its levels.

You collected 199 gold pieces.


Innate Abilities, Weirdness & Mutations

You cannot wear most types of armour.
You are amphibious.
You can wear up to eight rings at the same time.
Your skin changes colour to match your surroundings (Stealth+).
Your rubbery body absorbs attacks. (AC +1, EV +1)
((You are camouflaged when in or above water. (Stealth+)))
You have tentacles for arms and can constrict up to eight enemies at once.


   Skills:
 - Level 3.0 Fighting
 - Level 3.0 Long Blades
 + Level 4.2 Dodging
 * Level 4.6 Stealth
 + Level 1.5 Spellcasting


You had 7 spell levels left.
You didn't know any spells.
Your spell library contained the following spells:

 Spells                   Type           Power      Damage    Failure   Level
 Animate Dead             Necr           0%         N/A       65%         4
 Blade Hands              Tmut           0%         N/A       93%         5
 Borgnjor's Vile Clutch   Necr/Erth      0%         N/A       93%         5
 Death Channel            Necr           0%         N/A       100%        6
 Iron Shot                Conj/Erth      0%         9d1       100%        6
 Animate Armour           Summ/Erth      Unusable   N/A       N/A         4

Inventory:

Hand Weapons
 a - a +0 falchion of chaos {long}
 c - a +2 dagger of speed {short}
   (You took it off a goblin on level 1 of the Dungeon)
 s - a +8 club (weapon) {mace}
   (You took it off Jessica on level 3 of the Dungeon)
Missiles
 e - 74 stones {throwing}
 g - 4 poisoned darts {throwing}
Armour
 l - a +2 hat (worn)
   (You found it on level 2 of the Dungeon)
Jewellery
 i - a ring of wizardry (left tentacle)
   (You found it on level 2 of the Dungeon)
 k - a ring of willpower (right tentacle)
   (You took it off a goblin on level 2 of the Dungeon)
 n - an amulet of guardian spirit
   (You found it on level 2 of the Dungeon)
 o - an amulet of reflection (around mantle)
   (You found it on level 2 of the Dungeon)
Scrolls
 d - a scroll of torment {unknown}
 f - 4 scrolls of identify {unknown}
 m - a scroll of brand weapon {unknown}
 p - 3 scrolls of fear {unknown}
 q - a scroll of fog {unknown}
 r - a scroll of immolation {unknown}
 t - a scroll of enchant weapon {unknown}
Potions
 h - a potion of haste {unknown}
 j - 2 potions of curing {unknown}
Miscellaneous
 b - a piece from Xom's chessboard (14/15) (quivered)

Dungeon Overview and Level Annotations

Branches:
Dungeon (4/15)
 Temple: D:4-7

Altars:

Annotations:
D:4 1 runed translucent door, Crazy Yiuf

.... .?## #..
#.#.#.#.#.#.#.# # #..
.............#.# ..#..
.#.#.#.#.#.#.#..## #<#..
................# #.#.#
.#.#.#.#.#.#.#..# #....
.........$......# #....
.#.#.#o#.#.#.#.#.# #....
......)@........####....
#.#.#.#)#.#.#.#.......>.
..............###....
#.#.#.#.#.#.#..## #.###
.. ....o........# #.# #
#.#.#.#.#..## #.#
.........### #.# #.#
#.#.#[ #.# ...# #.#


You could see an orc priest.


Message History

Your hp is fully restored (36).
(D) Dungeon
Where to? (Enter - D:3, ? - help)
There is a stone staircase leading down here.
You climb downwards.
There is a stone staircase leading up here.
Found a stone staircase leading down.
There is a stone staircase leading down here.
Key pressed, stopping explore.
There is a fountain of clear blue water here.
You now have 184 gold pieces (gained 12).
There is a fountain of clear blue water here.
You open the door.
Crazy Yiuf shouts!
There is an open door here.
A goblin comes into view. It is wielding a +0 club.
The goblin shouts!
You miss the goblin. You grab the goblin. You constrict the goblin.
The goblin hits you with a +0 club. 😕 HP[-2]
You take 2 damage, and now have 34/36 hp.
You thump the goblin!
You kill the goblin!
Things that are here:
a +0 club {mace}; a +0 short sword {short} A ball python comes into view. 😎 HP[+2]
Your hp is fully restored (36).
Found a stone staircase leading down.
You see here 11 gold pieces.
The helpless ball python fails to defend itself.
You sock the ball python!
You kill the ball python!
You now have 195 gold pieces (gained 11).
Found a stone staircase leading up.
You now have 199 gold pieces (gained 4).
An endoplasm comes into view.
An endoplasm is nearby!
An endoplasm is nearby!
The helpless endoplasm fails to defend itself.
You sock the endoplasm!
You kill the endoplasm!
A goblin comes into view. It is wielding a +0 dagger.
An orc comes into view. It is wielding a +0 war axe.
You see here a scroll labelled DUEMEN FUORIS.
t - a scroll labelled DUEMEN FUORIS An orc priest comes into view.
It is wielding a +0 short sword.
The orc priest shouts!
The goblin shouts!
You block the goblin's attack.
You hit the goblin. You grab the goblin. You constrict the goblin.
You block the goblin's attack.
You hit the goblin.
You kill the goblin!
An orc comes into view. It is wielding a +0 short sword.
A quokka comes into view.
The orc priest calls down the wrath of Beogh upon you.
Beogh smites you! You block the orc's attack.
You hear a shout!
Things that are here:
a +0 dagger {short}; 16 stones {throwing}; a goblin corpse 😕 HP[-8]
You take 8 damage, and now have 28/36 hp.
MASSIVE DAMAGE!! (PAUSE)
You hit the orc. You grab the orc. You squeeze the orc.
You kill the orc!
An orc priest comes into view. It is wielding a +0 hand axe.
The orc priest moves out of view.
You hit the orc priest. Your grab misses the orc priest.
You squeeze the orc priest!
The orc priest hits you with a +0 short sword. 😮 HP[-1]
You take 1 damage, and now have 27/36 hp.
You closely miss the orc priest. Your grab misses the orc priest.
The orc priest begins to cast a cantrip, but forgets the words!
You barely miss the orc priest. You grab the orc priest.
Your squeeze misses the orc priest. You constrict the orc priest.
You kill the orc priest!
The quokka misses you.
You hit the quokka.
You kill the quokka!
The orc priest mumbles some strange prayers to Beogh against you.
Beogh smites you!
* * * LOW HITPOINT WARNING * * *
You block the orc's attack. 😨 HP[-13]
You take 13 damage, and now have 14/36 hp.
MASSIVE DAMAGE!! (PAUSE)
You hit the orc. You grab the orc. You squeeze the orc.
You kill the orc! 😨 HP[+1]
You hit the orc priest. Your grab misses the orc priest.
The orc priest invokes the aid of Beogh against you.
Beogh smites you!
* * * LOW HITPOINT WARNING * * *
😱 HP[-10]
You take 10 damage, and now have 5/36 hp.
MASSIVE DAMAGE!! (PAUSE)
You sock the orc priest! You grab the orc priest. You constrict the orc priest.
The orc priest hits you with a +0 hand axe.
You die...

Skill      XL: |  1  2  3  4 |
---------------+-------------+-----
Dodging        | 3 4 |  4.2
Stealth        | 2 4 |  4.6
Spellcasting   | 1 |  1.5
Fighting       | |  3.0
Long Blades    | |  3.0

Action                   |  1- 3 |  4- 6 || total
-------------------------+-------+-------++-------
Melee: Dagger            |    66 |    51 ||   117
       Falchion          |     7 |       ||     7
       Tentacles         |    12 |    15 ||    27
       Constrict         |    18 |    17 ||    35
       Punch             |     2 |       ||     2
       Club              |       |    23 ||    23
Evoke: Piece from Xom's  |     1 |     3 ||     4
 Stab: Sleeping          |     4 |    16 ||    20
       Distracted        |       |     1 ||     1
       Petrified         |       |     1 ||     1
Armor: Skin              |     9 |     8 ||    17
Dodge: Dodged            |    47 |    27 ||    74
Block: Other             |       |    12 ||    12

Levels and vault maps discovered:
D:1:      saegor_arrival_simple_b, layout_basic, chequers_serial_rivers_large_b,
          minmay_misc_feat_diagonals, chequers_jeans, lemuel_another_geyser
D:2:      minmay_door_path, layout_basic, shapermc_ecumenical_altar_mp_vishouse
D:3:      layout_loops_cross, uniq_jessica
D:4:      layout_basic, grunt_decor_mini_mirrors, hex_large,
          uniq_crazy_yiuf_cottage, uniq_edmund, uniq_sigmund

Notes
Turn   | Place    | Note
-------+----------+-------------------------------------------
     0 | D:1      | spaghetti the Octopode Chaos Knight began the quest for the
                  | Orb.
     0 | D:1      | Reached XP level 1. HP: 16/16 MP: 1/1
     0 | D:1      | magus.rc [v1.9.6]
   339 | D:1      | XOM: silly message
   372 | D:1      | Reached skill level 3 in Dodging
   372 | D:1      | Reached XP level 2. HP: 21/21 MP: 2/2
   551 | D:1      | You pick up a book of Unlife and begin reading...
   551 | D:1      | You add the spells Animate Dead, Borgnjor's Vile Clutch and
                  | Death Channel to your library.
   620 | D:1      | XOM: butterfly on damage
   930 | D:1      | XOM: divination: detect creatures
   977 | D:1      | Reached XP level 3. HP: 26/26 MP: 3/3
   981 | D:1      | Reached skill level 1 in Stealth
  1143 | D:2      | Reached skill level 2 in Stealth
  1168 | D:2      | XOM: scenery: summon butterflies
  1623 | D:2      | Reached XP level 4. HP: 28/31 MP: 4/4
  1781 | D:2      | Found a faded altar of an unknown god.
  1890 | D:2      | Reached skill level 3 in Stealth
  1907 | D:2      | You pick up a book of Iron and begin reading...
  1907 | D:2      | You add the spells Blade Hands and Iron Shot to your
                  | library.
  2259 | D:3      | XOM: silly message
  2330 | D:3      | Reached skill level 1 in Spellcasting
  2446 | D:3      | Reached skill level 4 in Dodging
  2770 | D:3      | Noticed Jessica
  2772 | D:3      | Killed Jessica
  2773 | D:3      | Reached skill level 4 in Stealth
  2773 | D:3      | Reached XP level 5. HP: 36/36 MP: 6/6
  2897 | D:3      | XOM is BORED!
  2897 | D:3      | XOM: summons 1 hostile demon
  2926 | D:2      | XOM: stat loss: -1 Str (11/12)
  3112 | D:4      | Found a runed translucent door.
  3113 | D:4      | Noticed Crazy Yiuf
  3230 | D:4      | HP: 5/36 [orc priest/divine providence (10)]
  3231 | D:4      | Slain by an orc priest

Vanquished Creatures
  An orc priest (D:4)
  Jessica (D:3)
  5 adders
  A worm (D:2)
  2 dart slugs
  3 orcs
  10 ball pythons
  8 endoplasms
  8 goblins
  3 hobgoblins
  2 jackals (D:3)
  8 kobolds
  3 quokkas
  10 bats
  5 frilled lizards
  5 rats
75 creatures vanquished.

Table legend:
 A = Non-vault XP
 B = Vault XP
 C = Vault XP percentage of total XP
 D = Non-vault monster count
 E = Vault monster count
 F = Vault count percentage of total count
                 A         B        C        D         E       F
            +---------+---------+-------+---------+---------+-------
      Total |     225 |      41 |  15.4 |      72 |       3 |   4.0
            +---------+---------+-------+---------+---------+-------
        D:1 |      36 |       0 |   0.0 |      21 |       0 |   0.0
        D:2 |      69 |       4 |   5.5 |      21 |       2 |   8.7
        D:3 |      63 |      37 |  37.0 |      22 |       1 |   4.3
        D:4 |      57 |       0 |   0.0 |       8 |       0 |   0.0
            +---------+---------+-------+---------+---------+-------

Illustrated notes

Table legend:
 A = Kills in this place as a percentage of kills in entire the game.
 B = Kills by you in this place as a percentage of kills by you in the entire game.
 C = Kills by friends in this place as a percentage of kills by friends in the entire game.
 D = Other kills in this place as a percentage of other kills in the entire game.
 E = Experience gained in this place as a percentage of experience gained in the entire game.
 F = Experience gained in this place divided by the number of levels of this place that you have seen.
                   A       B       C       D       E      F
               +-------+-------+-------+-------+-------+----------------------
         Total | 100.0 | 100.0 |   N/A |   N/A | 100.0 |  66.5
       Dungeon | 100.0 | 100.0 |   N/A |   N/A | 100.0 |  66.5
               +-------+-------+-------+-------+-------+----------------------

Table legend: (Time is in decaauts)
 A = Elapsed time spent in this place.
 B = Non-inter-level travel time spent in this place.
 C = Inter-level travel time spent in this place.
 D = Time resting spent in this place.
 E = Time spent auto-exploring this place.
 F = Levels seen in this place.
 G = Mean time per level.
                   A        B        C        D        E       F      G
               +--------+--------+--------+--------+--------+-----+--------+
         Total |   3191 |   3122 |     69 |    672 |   1971 |   4 |  797.8 |
       Dungeon |   3191 |   3122 |     69 |    672 |   1971 |   4 |  797.8 |
               +--------+--------+--------+--------+--------+-----+--------+

Top non-repeatable levels by time:
     D:2: 1081 daAuts
     D:1: 1056 daAuts
     D:3: 810 daAuts
     D:4: 242 daAuts
